 Dungeon Crawl Stone Soup version 0.18.1-50-g88ac8fd (webtiles) character file.

1231 Amnesiac the Slicer (level 8, -1/46 HPs)
             Began as a Deep Elf Fighter on Feb 28, 2018.
             Slain by an orc warrior
             ... wielding a +0 trident
              (9 damage)
             ... on level 6 of the Dungeon.
             The game lasted 00:17:07 (8627 turns).

Amnesiac the Slicer (Deep Elf Fighter)              Turns: 8627, Time: 00:17:08

Health: -1/46      AC:  9    Str: 20    XL:     8   Next: 24%
Magic:  10/10      EV:  9    Int: 14    God:
Gold:   309        SH:  9    Dex: 14    Spells: 0 memorised, 7 levels left

rFire  . . .     SeeInvis .     a - +2 dagger (speed)
rCold  . . .     Gourm    .     q - +0 scale mail
rNeg   . . .     Faith    .     c - +0 shield
rPois  .         Spirit   .     (no helmet)
rElec  .         Dismiss  .     (no cloak)
rCorr  .         Reflect  .     n - +0 pair of gloves
SustAt .         Harm     .     u - +0 pair of boots
MR     .....                    (no amulet)
Stlth  ..........               (no ring)
                                (no ring)

@: mighty, not resistant to hostile enchantments, extremely unstealthy
A: no striking features
a: no special abilities


You were on level 6 of the Dungeon.
You were not hungry.

You visited 2 branches of the dungeon, and saw 7 of its levels.

You collected 309 gold pieces.

Inventory:

Hand Weapons
 a - a +2 dagger of speed (weapon)
 d - a +2 short sword of distortion
 y - a +1 dagger of protection
Missiles
 e - 105 stones (quivered)
 i - 53 sling bullets
 s - 34 poisoned needles
 J - 6 curare-tipped needles
Armour
 c - a +0 shield (worn)
 m - a +0 large shield
 n - a +0 pair of gloves (worn)
 q - a +0 scale mail (worn)
 u - a +0 pair of boots (worn)
Wands
 G - a wand of acid (9/15)
Scrolls
 j - 2 scrolls of identify {!r}
 o - a scroll of blinking {!r, unknown}
 p - 3 scrolls of fog {!r, unknown}
 r - a scroll of immolation {!r, unknown}
 t - a scroll of random uselessness {!r, unknown}
 v - 2 scrolls of magic mapping {!r}
 x - a scroll of teleportation {!r}
 D - a scroll of amnesia {!r, unknown}
Potions
 b - 3 potions of curing {!q, unknown}
 g - 2 potions of brilliance {!q, unknown}
 h - 3 potions of heal wounds {!q, unknown}
 l - 2 potions of cure mutation {!q, unknown}
 z - a potion of cancellation {!q, unknown}
 A - a potion of lignification {!q, unknown}
 B - a potion of flight {!q, unknown}
 C - a potion of invisibility {!q, unknown}
 F - a potion of agility {!q}
 I - a potion of haste {!q, unknown}
Comestibles
 f - 7 bread rations
 k - 2 meat rations
 w - 6 chunks of flesh


   Skills:
 * Level 3.5 Fighting
 - Level 8.0 Short Blades
 * Level 3.4 Armour
 + Level 3.4 Dodging
 * Level 3.5 Shields


You had 7 spell levels left.
You didn't know any spells.

Dungeon Overview and Level Annotations

Branches:
Dungeon (6/15)             Temple (1/1) D:6

Altars:
Ashenzari
Cheibriados
Kikubaaqudgha
Makhleb
Okawaru
Qazlal
Ru
Sif Muna
Vehumet
Yredelemnul
The Shining One

Shops:
D:4 =


Message History

You butcher the orc corpse.
w - 6 chunks of flesh (gained 3)
Things that are here:
a dagger; a robe
Things that are here:
a short sword; an orc skeleton
Things that are here:
a trident; a leather armour You see here a club.
The orc warrior drinks a potion.
The orc warrior suddenly seems more agile.
The orc shouts!
You hit the orc warrior but do no damage.
You hit the orc warrior but do no damage.
You hit the orc warrior.
The orc warrior is lightly wounded.
The orc warrior barely misses you.
You hit the orc warrior.
The orc warrior is moderately wounded.
You hit the orc warrior but do no damage.
The orc warrior is moderately wounded.
The orc warrior closely misses you.
You miss the orc warrior.
The orc warrior is moderately wounded.
You closely miss the orc warrior.
The orc warrior is moderately wounded.
You hit the orc warrior.
The orc warrior is heavily wounded.
The orc warrior hits you with a trident!
You hit the orc warrior.
The orc warrior is heavily wounded.
You hit the orc warrior.
The orc warrior is heavily wounded.
You hit the orc.
The orc is heavily wounded.
You closely miss the orc.
The orc is heavily wounded.
You block the orc's attack.
The orc warrior hits you with a trident.
* * * LOW HITPOINT WARNING * * *
You hit the orc but do no damage.
The orc is heavily wounded.
You puncture the orc!
You kill the orc!
The orc warrior closely misses you.
You closely miss the orc warrior.
The orc warrior is heavily wounded.
You closely miss the orc warrior.
The orc warrior is heavily wounded.
The orc warrior hits you but does no damage.
You hit the orc warrior.
The orc warrior is severely wounded.
Your shield and scale mail prevent you from hitting the orc warrior.
The orc warrior is severely wounded.
You closely miss the orc warrior.
The orc warrior is severely wounded.
The orc warrior hits you with a trident!
* * * LOW HITPOINT WARNING * * *
You miss the orc warrior.
The orc warrior is severely wounded.
You closely miss the orc warrior.
The orc warrior is severely wounded.
The orc warrior hits you with a trident!
You die...

≈≈..## #.# ##### #.#
######## #.# #...)).#
####### ##.####)####)#
...(..###...##...# #.#
#####.##.....#...# #.#
..# .###...##...# #.#
#................# #.#
#####.####.###.#@# #.#
# #.# #.)o# #.# .
##'####### #.# #
##...## #.## #
##.....## #..#
##.......## ##..#
###.........####...##
...'.........'.......#
####.........####..)##


You could see an orc warrior.

Vanquished Creatures
  Pikel (D:3)
  3 slaves
  A wyvern skeleton (D:6)
  A howler monkey (D:5)
  2 crimson imps
  A hound (D:4)
  A giant frog skeleton (D:4)
  6 orc priests
  4 orc wizards
  A hound zombie (D:6)
  2 hound skeletons (D:4)
  A worker ant zombie (D:6)
  A gnoll (D:1)
  11 adders
  An ooze (D:5)
  2 adder zombies (D:5)
  An adder skeleton (D:5)
  2 worms
  5 dart slugs
  6 giant geckos
  19 orcs
  9 bats
  2 bat zombies (D:2)
  3 giant cockroaches
  10 goblins
  5 hobgoblins
  4 jackals
  2 quokkas
  3 ball pythons
  3 giant newts
  15 kobolds
  5 rats
  2 rat zombies (D:2)
  A spectral orc (D:4)
136 creatures vanquished.

Vanquished Creatures (others)
  A slave (D:4)
  An orc priest (D:4)
2 creatures vanquished.

Grand Total: 138 creatures vanquished

Notes
Turn   | Place    | Note
--------------------------------------------------------------
     0 | D:1      | Amnesiac the Deep Elf Fighter began the quest for the Orb.
     0 | D:1      | Reached XP level 1. HP: 13/13 MP: 3/3
    20 | D:1      | Reached skill level 1 in Dodging
   123 | D:1      | Reached XP level 2. HP: 9/18 MP: 4/4
   653 | D:1      | Reached XP level 3. HP: 21/22 MP: 5/5
  1236 | D:2      | Reached XP level 4. HP: 18/28 MP: 6/6
  1662 | D:2      | Found an ancient bone altar of Kikubaaqudgha.
  2708 | D:2      | Reached XP level 5. HP: 25/32 MP: 7/7
  2789 | D:3      | Reached skill level 3 in Short Blades
  3163 | D:3      | Found an iron altar of Okawaru.
  3232 | D:4      | Noticed a slave
  3232 | D:4      | Noticed a slave
  3233 | D:4      | Noticed a slave
  3537 | D:3      | Killed a slave
  3896 | D:4      | Reached skill level 4 in Short Blades
  3903 | D:4      | Found Cion's Jewellery Emporium.
  3920 | D:3      | Found an iron altar of Okawaru.
  4006 | D:3      | Reached XP level 6. HP: 33/37 MP: 8/8
  4423 | D:4      | Killed a slave
  4824 | D:4      | Reached skill level 5 in Short Blades
  5031 | D:4      | Found a basalt altar of Yredelemnul.
  5103 | D:4      | Found a deep blue altar of Sif Muna.
  5192 | D:4      | Noticed a slave
  5193 | D:4      | Noticed Pikel
  5509 | D:3      | Killed Pikel
  5509 | D:3      | Reached skill level 7 in Short Blades
  5509 | D:3      | Reached XP level 7. HP: 41/41 MP: 9/9
  6033 | D:4      | Killed a freed slave
  6168 | D:5      | Entered Level 5 of the Dungeon
  6660 | D:5      | Reached skill level 8 in Short Blades
  7308 | D:6      | Reached XP level 8. HP: 29/46 MP: 10/10
  7657 | D:6      | Found a staircase to the Ecumenical Temple.
  7673 | Temple   | Entered the Ecumenical Temple
  8627 | D:6      | Slain by an orc warrior

Skill      XL: |  1  2  3  4  5  6  7 |
---------------+----------------------+-----
Dodging        | 2 3 |  3.4
Fighting       | 3 |  3.5
Armour         | 3 |  3.4
Shields        | 3 |  3.5
Short Blades   | 4 7 8 |  8.0

Action                   |  1- 3 |  4- 6 |  7- 9 || total
-------------------------+-------+-------+-------++-------
Melee: Rapier            |   153 |   139 |       ||   292
       Dagger            |       |   448 |   373 ||   821
Throw: Stone             |       |     3 |       ||     3
  Use: Scroll            |     3 |       |     2 ||     5
       Potion            |     1 |     3 |     2 ||     6
  Eat: Chunk             |     1 |    14 |     7 ||    22
       Pizza             |       |       |     1 ||     1
       Meat ration       |       |       |     1 ||     1
Armor: Scale mail        |    79 |   147 |    45 ||   271
Dodge: Dodged            |    47 |   123 |    56 ||   226
Block: Shield            |    86 |   208 |    73 ||   367
